 Dungeon Crawl Stone Soup version 0.30-a0-760-g5a9884bb7c (webtiles) character file.

Game seed: 13814754199080182549

11587 Kenran the Basher (level 11, -3/118 (154) HPs)
             Began as an Armataur Berserker on Feb 11, 2023.
             Was a High Priest of Trog.
             Slain by a wolf (8 damage)
             ... on level 1 of the Lair of Beasts.
             The game lasted 00:26:24 (11244 turns).

Kenran the Basher (Armataur Berserker)             Turns: 11244, Time: 00:26:25

HP:   -3/118 (154)  AC: 32    Str: 28    XL:     11   Next: 51%
MP:   11/11         EV:  1    Int:  7    God:    Trog [*****.]
Gold: 539           SH:  4    Dex:  9    Spells: 10/10 levels left

rFire   . . .      SeeInvis .    y - +2 flail (protect)
rCold   . . .      Faith    +    k - +0 buckler
rNeg    . . .      Spirit   .    (body armour currently unavailable)
rPois   +          Reflect  .    (helmet currently unavailable)
rElec   .          Harm     .    (cloak currently unavailable)
rCorr   .          Roll     +    (gloves currently unavailable)
Will    .....      NoTele   +    (no barding)
Stlth   +                        j - amulet of faith {!P}
HPRegen 0.39/turn                (no ring)
MPRegen 0.12/turn                (no ring)

@: lethally poisoned (-3 -> -7), tree-form (expiring), under a protective aura,
hasted, heavily drained, very quick
A: stationary, stasis, torment immunity, boosted hp, large, rugged brown scales
3, (deformed body), (armoured tail), roll, long tongue, awkward tongue
a: Renounce Religion, Berserk, Trog's Hand, Brothers in Arms


You were on level 1 of the Lair of Beasts.
You worshipped Trog.
Trog was extremely pleased with you.
You were a tree.
You visited 2 branches of the dungeon, and saw 11 of its levels.
You visited the Abyss 1 time.

You collected 636 gold pieces.
You spent 97 gold pieces at shops.

Inventory:

Hand Weapons
 y - a +2 flail of protection (weapon)
Armour
 a - a +0 cloak (melded)
 f - a +1 helmet (melded)
 k - a +0 buckler (worn)
 t - a +1 chain mail of poison resistance (melded)
Jewellery
 j - an amulet of faith (around neck) {!P}
 C - a ring of ice
 D - an amulet of regeneration
Wands
 q - a wand of flame (5)
 s - a wand of iceblast (5)
 u - a wand of mindburst (22)
Scrolls
 b - 2 scrolls of blinking
 c - 8 scrolls of fear
 d - 3 scrolls of poison {!r}
 g - 6 scrolls of teleportation
 h - 3 scrolls of brand weapon
 l - a scroll of torment {unknown}
 m - a scroll of magic mapping
 v - a scroll of enchant weapon {unknown}
 z - 2 scrolls of fog
 A - a scroll of enchant armour
Potions
 e - 3 potions of haste
 n - 2 potions of flight {unknown}
 o - a potion of berserk rage {unknown}
 r - 2 potions of lignification {!q}
 x - 2 potions of attraction {unknown}
 B - 4 potions of brilliance {unknown}


   Skills:
 - Level 9.0 Fighting
 + Level 12.4 Maces & Flails
 + Level 9.3 Armour
 - Level 1.3 Dodging
 - Level 3.0 Shields
 - Level 4.0 Evocations


You had 10 spell levels left.
You didn't know any spells.
Your spell library was empty.

Dungeon Overview and Level Annotations

Branches:
Dungeon (10/15)            Temple (0/1) D:5            Lair (1/5) D:10
    Orc (0/2) D:10

Altars:
Dithmenos
Elyvilon
Gozag
Hepliaklqana
Makhleb
Okawaru
Sif Muna
Trog
Vehumet
Zin
The Shining One

Shops:
D:4 *   D:5 *   D:10 ?


Innate Abilities, Weirdness & Mutations

You are a tree.
Your roots penetrate the ground, keeping you stationary.
You cannot be teleported.
You are immune to unholy pain and torment.
Your maximum health is greatly increased.
Your equipment is partially melded.
(You are completely covered in rugged brown scales. (AC +3, +7% HP))
((Armour fits poorly on your strangely shaped body.))
((You have a long armoured tail.))
You roll when moving toward enemies. (Rampage)
Your long tongue fully drains potion bottles. (2x potion effects)
Your tongue gives you trouble enunciating. (1.5x scroll delay)


Message History

You feel very sick.
The black mamba bites you but does no damage.
The wolf bites you but does no damage.
You hit the black mamba.
The black mamba is lightly wounded.
You feel sick. The black mamba bites you.
* * * LOW HITPOINT WARNING * * *
You block the wolf's attack.
You thump the black mamba!
The black mamba is moderately wounded.
You feel sick.
The black mamba bites you but does no damage.
The wolf bites you but does no damage. The black mamba bites you.
* * * LOW HITPOINT WARNING * * *
You closely miss the black mamba.
The black mamba is moderately wounded.
You feel sick. The wolf bites you but does no damage.
You closely miss the black mamba.
The black mamba is moderately wounded.
You feel sick.
The black mamba bites you but does no damage.
The wolf bites you.
* * * LOW HITPOINT WARNING * * *
You hit the black mamba but do no damage.
The black mamba is moderately wounded.
You feel sick. The black mamba bites you.
* * * LOW HITPOINT WARNING * * *
The wolf bites you but does no damage.
You sock the black mamba!
The black mamba is heavily wounded.
You feel sick. The black mamba bites you!
* * * LOW HITPOINT WARNING * * *
The wolf bites you but does no damage. The black mamba bites you!
* * * LOW HITPOINT WARNING * * *
Okay, then.
You miss the black mamba.
The black mamba is heavily wounded.
* * * LOW HITPOINT WARNING * * *
You feel sick. The wolf bites you!
You die...

.......#.+##.#S##.###.......
.......#...........@........
.......#........P...........
................P...........
.......#....................
.......#........#...........
.......#..####.#..†.........
..........S♣hh..............
#######.##############.#####
### ###


You could see a polar bear, a black mamba and a wolf.

Vanquished Creatures
  Erica (D:8)
  Urug (Lair:1)
  Sonja (D:10)
  A sixfirhy (Abyss:1)
  2 starcursed masses (Abyss:1)
  Joseph (Lair:1)
  A cane toad (Lair:1)
  A komodo dragon (Lair:1)
  A harpy zombie (Abyss:1)
  Grinder (D:5)
  A hornet (D:10)
  2 trolls
  2 raiju
  A wraith (D:10)
  6 yaks (D:10)
  Eustachio (D:5)
  A steam dragon (D:10)
  A basilisk (Lair:1)
  2 wargs (D:10)
  Menkaure (D:5)
  An acid dragon (D:10)
  Edmund (D:4)
  5 water moccasins
  5 orc warriors
  2 black bears (D:5)
  2 ice beasts
  2 ogres
  A wolf (Lair:1)
  3 centaurs (D:9)
  Blork the orc (D:5)
  2 kobold brigands
  2 bullfrogs
  A necrophage (D:7)
  2 gnoll sergeants
  A scorpion (D:7)
  7 wights
  3 electric eels (D:10)
  12 orc priests
  2 hounds
  2 jellies
  Crazy Yiuf (D:3)
  Jessica (D:3)
  An iguana (D:4)
  Ijyb (D:4)
  14 orc wizards
  Robin (D:3)
  11 gnolls
  9 adders
  2 shadow imps
  A white imp (Abyss:1)
  6 worms
  4 dart slugs
  46 orcs
  4 ball pythons
  6 bats
  10 endoplasms
  3 giant cockroaches
  14 goblins
  10 hobgoblins
  3 jackals (D:3)
  10 kobolds
  3 quokkas
  A frilled lizard (D:3)
  3 rats
  A spectral hobgoblin (D:3)
252 creatures vanquished.

Vanquished Creatures (others)
  A fungus (Lair:1)
  17 plants
18 creatures vanquished.

Grand Total: 270 creatures vanquished

Notes
Turn   | Place    | Note
-------+----------+-------------------------------------------
     0 | D:1      | Kenran the Armataur Berserker began the quest for the Orb.
     0 | D:1      | Reached XP level 1. HP: 19/19 MP: 1/1
   154 | D:1      | Reached skill level 3 in Maces & Flails
   156 | D:1      | Reached XP level 2. HP: 14/27 MP: 2/2
   704 | D:2      | Reached XP level 3. HP: 32/33 MP: 3/3
   814 | D:2      | Reached ** piety under Trog
  1141 | D:2      | Reached skill level 4 in Maces & Flails
  1516 | D:3      | Reached XP level 4. HP: 40/40 MP: 4/4
  1574 | D:3      | Noticed Robin
  1597 | D:3      | Killed Robin
  1722 | D:3      | Found a runed translucent door.
  1723 | D:3      | Noticed Crazy Yiuf
  1728 | D:3      | Killed Crazy Yiuf
  1792 | D:3      | Noticed Jessica
  1804 | D:3      | Killed Jessica
  1805 | D:3      | Reached XP level 5. HP: 48/48 MP: 5/5
  1826 | D:3      | Found a shadowy altar of Dithmenos.
  1965 | D:3      | Reached skill level 5 in Maces & Flails
  1999 | D:3      | Found a hazy altar of Hepliaklqana.
  2046 | D:3      | Reached *** piety under Trog
  2426 | D:4      | Noticed Edmund
  2438 | D:4      | Killed Edmund
  2439 | D:4      | Reached XP level 6. HP: 54/54 MP: 6/6
  2646 | D:4      | Reached skill level 6 in Maces & Flails
  2826 | D:4      | Noticed Ijyb
  2832 | D:4      | Killed Ijyb
  3086 | D:4      | Found Zymemul's General Store.
  3091 | D:4      | Bought a scroll of identify for 20 gold pieces
  3486 | D:5      | Entered Level 5 of the Dungeon
  3486 | D:5      | Noticed Eustachio
  3603 | D:5      | Reached XP level 7. HP: 63/63 MP: 7/7
  3609 | D:5      | Found a staircase to the Ecumenical Temple.
  3649 | D:5      | Found Tecsaero's Assorted Antiques.
  3688 | D:5      | Noticed Menkaure
  3707 | D:5      | Killed Menkaure
  3708 | D:5      | Reached skill level 1 in Evocations
  3928 | D:5      | Noticed Grinder
  3935 | D:5      | Killed Grinder
  3936 | D:5      | Reached skill level 7 in Maces & Flails
  4333 | D:5      | Reached XP level 8. HP: 54/71 MP: 8/8
  4506 | D:5      | Found a bloodstained altar of Trog.
  4517 | D:5      | Reached skill level 5 in Fighting
  4597 | D:5      | Noticed Blork the orc
  4603 | D:5      | Killed Blork the orc
  4961 | D:5      | Killed Eustachio
  4962 | D:5      | Reached skill level 8 in Maces & Flails
  5515 | D:6      | Found a glowing silver altar of Zin.
  5515 | D:6      | Found a glowing golden altar of the Shining One.
  5515 | D:6      | Found a white marble altar of Elyvilon.
  5548 | D:6      | Reached **** piety under Trog
  5759 | D:6      | Reached skill level 9 in Maces & Flails
  6055 | D:7      | Reached XP level 9. HP: 80/80 MP: 9/9
  6335 | D:7      | Found an opulent altar of Gozag.
  6343 | D:7      | Found an iron altar of Okawaru.
  6349 | D:7      | Found a burning altar of Makhleb.
  6352 | D:7      | Found a radiant altar of Vehumet.
  6363 | D:7      | Found a shimmering blue altar of Sif Muna.
  7226 | D:8      | Noticed Erica
  7243 | D:8      | Killed Erica
  7244 | D:8      | Reached skill level 10 in Maces & Flails
  7616 | D:8      | Reached skill level 5 in Armour
  8260 | D:9      | Noticed a troll
  8269 | D:9      | Killed a troll
  8276 | D:9      | Reached XP level 10. HP: 79/89 MP: 10/10
  8947 | D:10     | Entered Level 10 of the Dungeon
  8947 | D:10     | Found a staircase to the Orcish Mines.
  9206 | D:10     | Found Nammagaxu's Magic Scroll Boutique.
  9238 | D:10     | Reached ***** piety under Trog
  9246 | D:10     | Noticed Sonja
  9274 | Abyss:1  | Cast into level 1 of the Abyss (gnoll sergeant)
  9356 | Abyss:1  | Noticed a tentacled starspawn
  9356 | Abyss:1  | Noticed a tentacled monstrosity
  9357 | Abyss:1  | Found a corrupted altar of Lugonu.
  9357 | Abyss:1  | Noticed a starcursed mass
  9357 | Abyss:1  | Noticed a moth of wrath
  9357 | Abyss:1  | a moth of wrath changed into a salamander
  9357 | Abyss:1  | Noticed a salamander (glowing shapeshifter)
  9411 | Abyss:1  | Noticed a sixfirhy
  9420 | Abyss:1  | Killed a sixfirhy
  9421 | Abyss:1  | Reached skill level 11 in Maces & Flails
  9488 | Abyss:1  | Noticed a starcursed mass
  9503 | Abyss:1  | Killed a starcursed mass
  9504 | Abyss:1  | Killed a starcursed mass
  9567 | Abyss:1  | Noticed a wretched star
  9574 | Abyss:1  | Reached skill level 12 in Maces & Flails
  9576 | D:10     | Escaped the Abyss
  9609 | D:10     | HP: 7/141 [troll (5)]
  9774 | D:10     | Found a staircase to the Lair.
  9867 | D:10     | Killed Sonja
  9868 | D:10     | Reached XP level 11. HP: 76/101 MP: 11/11
 10063 | D:10     | Reached skill level 1 in Shields
 10476 | D:10     | Bought a scroll of teleportation for 33 gold pieces
 10476 | D:10     | Bought a scroll of identify for 22 gold pieces
 10476 | D:10     | Bought a scroll of identify for 22 gold pieces
 10972 | Lair:1   | Entered Level 1 of the Lair of Beasts
 11195 | Lair:1   | Noticed Urug
 11195 | Lair:1   | Noticed Joseph
 11220 | Lair:1   | Killed Urug
 11230 | Lair:1   | Killed Joseph
 11234 | Lair:1   | HP: 4/118 [black mamba (12)]
 11243 | Lair:1   | HP: 5/118 [black mamba (8)]
 11244 | Lair:1   | Slain by a wolf

Illustrated notes

Levels and vault maps discovered:
D:1:      lemuel_arrival_muddy, layout_basic, minmay_tetromino_i4
D:2:      layout_basic, serial_bayou_lake_a
D:3:      layout_loops_ring, nicolae_hepliaklqana_monster_ancestors,
          mainiacjoe_overflow_chevrons, uniq_crazy_yiuf_cottage, uniq_robin,
          uniq_jessica
D:4:      layout_basic, serial_shops, kennysheep_mini_moat,
          kennysheep_generic_room_12, uniq_edmund, uniq_ijyb
D:5:      layout_layer_cave, trog_ov_bears_minmay, minmay_temple_entry_wispy,
          serial_shops, nicolae_square_shop, uniq_menkaure, uniq_blork_the_orc,
          uniq_grinder, uniq_eustachio
D:6:      layout_rooms, dreamdust_divine_triumvirate
D:7:      layout_layer_cave, minmay_overflow_temple_star_hex
D:8:      layout_basic, uniq_erica
D:9:      layout_loops_ring
D:10:     layout_basic, erik_lair_orcish_takeover, serial_shops, shop,
          water_boxes_lemuel, uniq_sonja
Lair:1:   layout_chaotic_city, cheibrodos_lair_caveside_slide, uniq_urug,
          uniq_joseph, uniq_gastronok

Skill      XL: |  1  2  3  4  5  6  7  8  9 10 11 |
---------------+----------------------------------+-----
Fighting       | 3 4 6 8 9 |  9.0
Maces & Flails | 3 4 5 6 7 9 10 12 | 12.4
Armour         | 3 4 5 7 9 |  9.3
Evocations     | 2 4 |  4.0
Shields        | 3 |  3.0
Dodging        | |  1.3

Action                     |  1- 3 |  4- 6 |  7- 9 | 10-12 || total
---------------------------+-------+-------+-------+-------++-------
  Melee: Mace              |   116 |   144 |    81 |       ||   341
         Tailslap          |     3 |    16 |    42 |    32 ||    93
         Punch             |     1 |       |       |       ||     1
         Flail             |       |       |   253 |   322 ||   575
 Invoke: Berserk           |     3 |     7 |    10 |     9 ||    29
         Trog's Hand       |       |       |       |     3 ||     3
  Evoke: Wand              |       |       |       |     5 ||     5
    Use: Scroll            |     2 |     3 |     5 |     6 ||    16
         Potion            |       |       |       |     9 ||     9
 Armour: Animal skin       |    12 |       |       |       ||    12
         Scale mail        |    37 |       |       |       ||    37
         Plate armour      |    21 |    53 |       |       ||    74
         Chain mail        |       |    14 |   190 |   163 ||   367
         Skin              |       |       |       |    95 ||    95
  Dodge: Dodged            |    53 |    27 |    76 |    69 ||   225
  Block: Buckler           |       |     7 |    20 |    32 ||    59

Table legend: (Time is in decaauts)
 A = Elapsed time spent in this place.
 B = Non-inter-level travel time spent in this place.
 C = Inter-level travel time spent in this place.
 D = Time resting spent in this place.
 E = Time spent auto-exploring this place.
 F = Levels seen in this place.
 G = Mean time per level.
                   A        B        C        D        E       F      G
               +--------+--------+--------+--------+--------+-----+--------+
         Total |  11435 |  11144 |    291 |   2039 |   6339 |  12 |  952.9 |
       Dungeon |  10856 |  10565 |    291 |   1706 |   6325 |  10 | 1085.6 |
          Lair |    254 |    254 |      0 |     88 |      8 |   1 |  254.0 |
         Abyss |    324 |    324 |      0 |    244 |      6 |   1 |  324.0 |
               +--------+--------+--------+--------+--------+-----+--------+

Top non-repeatable levels by time:
     D:5: 1888 daAuts
    D:10: 1737 daAuts
     D:4: 1267 daAuts
     D:7: 1169 daAuts
     D:8: 1019 daAuts
     D:3: 943 daAuts
     D:2: 806 daAuts
     D:9: 800 daAuts
     D:1: 699 daAuts
     D:6: 523 daAuts
 Abyss:1: 324 daAuts
  Lair:1: 254 daAuts
